 Dungeon Crawl Stone Soup version bcrawl-1.19.1 (webtiles) character file.

Game seed: 6107054595871234869

5523 Freyura the Fighter (level 10, -10/91 HPs)
             Began as a Hill Orc Fighter on Dec 8, 2019.
             Was an Elder of Beogh.
             Mangled by a two-headed ogre
             ... wielding a +0 giant spiked club
              (17 damage)
             ... on level 8 of the Dungeon.
             The game lasted 00:34:15 (8374 turns).

Freyura the Fighter (Hill Orc Fighter)              Turns: 8374, Time: 00:34:16

Health: -10/91     AC: 15    Str: 27    XL:     10   Next: 70%
Magic:  5/5        EV: 12    Int:  8    God:    Beogh [****..]
Gold:   477        SH: 12    Dex: 18    Spells: 9/9 levels left

rFire    . . .     SeeInvis +   e - +1 flail (antimagic)
rCold    . . .     Gourm    .   c - +0 shield
rNeg     . . .     Faith    .   l - +0 chain mail {rPois}
rPois    +         Spirit   .   t - +0 helmet
rElec    .         Reflect  .   r - +0 cloak
rCorr    .         Harm     .   q - +0 pair of gloves
MR       .....                  (no boots)
Stlth    ..........             o - amulet of rage
HPRegen  0.25/turn              k - +2 ring of strength
MPRegen  0.09/turn              B - ring of see invisible

@: mighty, agile
A: no striking features
a: Smiting, Recall Orcish Followers, Renounce Religion, Evoke Berserk Rage


You were on level 8 of the Dungeon.
You worshipped Beogh.
Beogh was greatly pleased with you.
You were hungry.

You visited 1 branch of the dungeon, and saw 8 of its levels.

You collected 477 gold pieces.

Inventory:

Hand Weapons
 e - a +1 antimagic flail (weapon)
 u - a +4 battleaxe
 D - a +3 falchion
 F - the cursed +3 great sword of Pusurefo {drain, rF- Int+3 Dex+4}
   (You took it off an orc warrior on level 5 of the Dungeon)

   A truly terrible weapon, it drains the life of those it strikes.
   It affects your intelligence (+3).
   It affects your dexterity (+4).
   It makes you vulnerable to fire.
   It has a curse placed upon it.
Armour
 c - a +0 shield (worn)
 l - a +0 chain mail of poison resistance (worn)
 q - a +0 pair of gloves (worn)
 r - a +0 cloak (worn)
 t - a +0 helmet (worn)
 G - the +2 plate armour of Watchfulness {rF- rCorr MP+9}
   (You took it off an orc warrior on level 5 of the Dungeon)

   It makes you vulnerable to fire.
   It affects your magic capacity (+9).
   It provides partial protection from all sources of acid and corrosion.
Jewellery
 k - a +2 ring of strength (left hand)
 o - an amulet of rage (around neck)
 B - a ring of see invisible (right hand)
 C - an uncursed ring of fire
Wands
 y - a wand of acid (13)
Scrolls
 g - a scroll of identify
 i - 6 scrolls of remove curse
 j - 2 scrolls of enchant weapon {unknown}
 p - a scroll of amnesia
 s - a scroll of magic mapping
 E - 2 scrolls of blinking
 H - a scroll of fog
Potions
 b - 2 potions of haste
 d - 2 potions of might
 h - a potion of cancellation {unknown}
 m - 2 potions of lignification
 n - 5 potions of mutation
 v - a potion of ambrosia {unknown}
 w - a potion of agility
 x - 9 potions of curing
 z - 2 potions of magic
 A - a potion of flight {unknown}
Comestibles
 f - 13 rations {!d}


   Skills:
 * Level 9.5 Fighting
   Level 9.5 Short Blades
   Level 9.5 Long Blades
   Level 9.5 Axes
   Level 9.5 Maces & Flails
   Level 9.5 Polearms
   Level 9.5 Staves
 + Level 8.5 Armour
 + Level 8.5 Shields
   Level 9.5 Unarmed Combat
 + Level 8.4 Invocations


You had 9 spell levels left.
You didn't know any spells.
Your spell library contained the following spells:

 Spells                   Type           Power        Failure   Level  Hunger
 Apportation              Tloc           #.....       99%         1    ##.....
 Infusion                 Chrm           #.......     99%         1    ##.....
 Sandblast                Erth           #.....       99%         1    ##.....
 Slow                     Hex            #.......     99%         1    ##.....
 Summon Butterflies       Summ           #.......     99%         1    ##.....


Dungeon Overview and Level Annotations

Branches:
Dungeon (8/12)             Temple (0/1) D:6             Orc (0/1) D:8
   Lair: D:7-9

Altars:
Ashenzari
Dithmenos
Elyvilon
Fedhas
Gozag
Makhleb
Nemelex Xobeh
Qazlal
Ru
Yredelemnul
Zin
Beogh

Shops:
D:6 }   D:7 *


Message History

Your shield and chain mail prevent you from hitting the two-headed ogre.
The two-headed ogre is moderately wounded.
The two-headed ogre hits you but does no damage.
The two-headed ogre hits you with a cursed -2 giant spiked club!!
* * * LOW HITPOINT WARNING * * *
You closely miss the two-headed ogre.
The two-headed ogre is lightly wounded.
You thump the two-headed ogre!
The two-headed ogre is heavily wounded.
The two-headed ogre closely misses you.
The two-headed ogre hits you with a cursed -2 giant spiked club!!
* * * LOW HITPOINT WARNING * * *
You feel much better.
The two-headed ogre hits you with a +0 giant spiked club!!
* * * LOW HITPOINT WARNING * * *
You block the two-headed ogre's attack.
You feel agile all of a sudden.
You feel very mighty all of a sudden.
The two-headed ogre hits you with a +0 giant spiked club!
You die...

#..# ###...###
#.....#.##
###........##
............####
..............###
#.)...........#
#...........#
##@......(..#
#....O.....[...##
#...###..#.....#
.... ##........#
... #....)....##
.. #..####.#..# .
...##.(.....# .#.
#.(.....### #
#..........#


You could see a two-headed ogre.

Vanquished Creatures
  A hornet (D:6)
  The ghost of yrara the Cudgeler, an amateur DsFi (D:5)
  Prince Ribbit (D:7)
  A hippogriff (D:7)
  6 yaks (D:7)
  2 ice beasts
  2 sky beasts
  4 orc warriors
  2 black bears
  3 ogres
  4 centaurs
  5 bullfrogs
  3 scorpions
  6 wights
  3 howler monkeys
  3 crimson imps
  A bullfrog zombie (D:8)
  2 quasits
  8 hounds
  2 jellies
  11 orc wizards
  5 orc priests
  A bullfrog skeleton (D:4)
  Terence (D:2)
  2 iguanas (D:4)
  5 worker ants
  A killer bee zombie (D:7)
  A hound zombie (D:5)
  A hound skeleton (D:2)
  3 worker ant zombies
  3 gnolls (D:4)
  10 adders
  A shadow imp (D:8)
  2 oozes (D:2)
  An adder skeleton (D:2)
  4 worms
  6 dart slugs
  4 leopard geckos
  35 orcs
  4 giant cockroaches
  6 goblins
  5 hobgoblins
  4 jackals
  A quokka (D:2)
  5 bats
  3 frilled lizards
  A giant cockroach zombie (D:2)
  A jackal skeleton (D:6)
  A jackal zombie (D:6)
  7 kobolds
  A leopard gecko skeleton (D:2)
  A quokka skeleton (D:2)
  A quokka zombie (D:2)
  7 rats
205 creatures vanquished.

Vanquished Creatures (collateral kills)
  2 wights (D:8)
2 creatures vanquished.

Vanquished Creatures (others)
  An orc warrior (D:8)
  2 orc wizards
  A worm (D:3)
  An orc (D:7)
5 creatures vanquished.

Grand Total: 212 creatures vanquished

Notes
Turn   | Place    | Note
-------+----------+-------------------------------------------
     0 | D:1      | Freyura the Hill Orc Fighter began the quest for the Orb.
     0 | D:1      | Reached XP level 1. HP: 20/20 MP: 1/1
   350 | D:1      | Reached XP level 2. HP: 27/27 MP: 2/2
   912 | D:2      | Reached XP level 3. HP: 32/34 MP: 3/3
  1048 | D:2      | Found a sparkling altar of Nemelex Xobeh.
  1052 | D:2      | Found a basalt altar of Yredelemnul.
  1124 | D:2      | Reached XP level 4. HP: 39/41 MP: 4/4
  1165 | D:2      | Noticed Terence
  1170 | D:2      | Killed Terence
  1209 | D:2      | Found a white marble altar of Elyvilon.
  1214 | D:2      | Reached skill level 5 in Fighting
  1214 | D:2      | Reached XP level 5. HP: 48/48 MP: 1/5
  1223 | D:2      | Found an opulent altar of Gozag.
  1226 | D:2      | Found a blossoming altar of Fedhas.
  1227 | D:2      | Found a glowing silver altar of Zin.
  1229 | D:2      | Found a shattered altar of Ashenzari.
  1231 | D:2      | Found a shadowy altar of Dithmenos.
  1852 | D:3      | Reached XP level 6. HP: 52/56 MP: 2/6
  1868 | D:3      | Became a worshipper of Beogh the Brigand
  2498 | D:4      | Reached skill level 1 in Invocations
  2659 | D:4      | Noticed an ice beast
  2678 | D:4      | Killed an ice beast
  2678 | D:4      | Reached skill level 5 in Armour
  2678 | D:4      | Reached XP level 7. HP: 45/62 MP: 2/8
  2721 | D:4      | Reached skill level 5 in Shields
  2798 | D:4      | Reached skill level 6 in Fighting
  3124 | D:4      | Found a stormy altar of Qazlal.
  3245 | D:4      | Reached * piety under Beogh
  3581 | D:5      | Entered Level 5 of the Dungeon
  3581 | D:5      | Found a blossoming altar of Fedhas.
  3621 | D:5      | Reached XP level 8. HP: 17/71 MP: 3/10
  4005 | D:5      | Found a sacrificial altar of Ru.
  4115 | D:5      | Found an opulent altar of Gozag.
  4384 | D:5      | Found a runed translucent gate.
  4384 | D:5      | Noticed yrara's ghost (amateur DsFi)
  4385 | D:5      | Found a runed translucent gate.
  4385 | D:5      | Identified the cursed +3 great sword of Pusurefo {drain,
                  | rF- Int+3 Dex+4}
  4385 | D:5      | Identified the +2 plate armour of Watchfulness {rF- rCorr
                  | MP+9}
  4386 | D:5      | Found a runed translucent gate.
  4392 | D:5      | Found a roughly hewn altar of Beogh.
  4625 | D:5      | Reached skill level 7 in Fighting
  4942 | D:5      | Reached ** piety under Beogh
  5088 | D:6      | Reached skill level 5 in Invocations
  5134 | D:6      | Found a staircase to the Ecumenical Temple.
  5141 | D:6      | Reached XP level 9. HP: 44/79 MP: 4/12
  5802 | D:6      | Noticed a hornet
  5811 | D:6      | Killed a hornet
  5811 | D:6      | Reached skill level 8 in Fighting
  6075 | D:6      | Found Oclok's Gadget Boutique.
  6153 | D:5      | Killed yrara's ghost
  6371 | D:7      | Found a burning altar of Makhleb.
  6401 | D:7      | Reached *** piety under Beogh
  6443 | D:7      | Found Qegir's Assorted Antiques.
  6574 | D:7      | Reached XP level 10. HP: 90/90 MP: 5/15
  6915 | D:7      | Noticed Prince Ribbit
  6969 | D:7      | Reached skill level 9 in Fighting
  6983 | D:7      | Killed Prince Ribbit
  8231 | D:8      | Found a shattered altar of Ashenzari.
  8264 | D:8      | Found a staircase to the Orcish Mines.
  8350 | D:8      | Reached **** piety under Beogh
  8359 | D:8      | Noticed a two-headed ogre
  8374 | D:8      | Mangled by a two-headed ogre

Skill      XL: |  1  2  3  4  5  6  7  8  9 10 |
---------------+-------------------------------+-----
Armour         | 4 5 6 7 8 |  8.5
Shields        | 4 5 6 7 8 |  8.5
Fighting       | 5 6 7 8 9 |  9.5
Invocations    | 2 3 5 7 8 |  8.4
Short Blades   | |  9.5
Long Blades    | |  9.5
Axes           | |  9.5
Maces & Flails | |  9.5
Polearms       | |  9.5
Staves         | |  9.5
Unarmed Combat | |  9.5

Action                   |  1- 3 |  4- 6 |  7- 9 | 10-12 || total
-------------------------+-------+-------+-------+-------++-------
Melee: Flail             |    90 |   166 |   459 |   233 ||   948
Invok: Convert to Beogh  |       |     1 |       |       ||     1
  Use: Scroll            |     3 |       |     5 |     8 ||    16
       Potion            |       |       |     2 |     5 ||     7
  Eat: Chunk             |     1 |     5 |     8 |     4 ||    18
       Ration            |       |       |     1 |     1 ||     2
Armor: Scale mail        |     2 |       |       |       ||     2
       Chain mail        |    58 |    65 |   303 |   107 ||   533
Dodge: Dodged            |    20 |    21 |   146 |    52 ||   239
Block: Shield            |    44 |    71 |   323 |   129 ||   567
